 Dungeon Crawl Stone Soup version 0.21.0 (webtiles) character file.

272 Megalobster the Chopper (level 6, -3/55 HPs)
             Began as a Minotaur Berserker on Jan 7, 2018.
             Was a Believer of Trog.
             Engulfed by a cloud of flame (16 damage)
             ... on level 2 of the Dungeon.
             The game lasted 00:03:29 (1568 turns).

Megalobster the Chopper (Minotaur Berserker)        Turns: 1568, Time: 00:03:29

Health: -3/55      AC:  2    Str: 23    XL:     6   Next: 2%
Magic:  5/5        EV: 13    Int:  4    God:    Trog [**....]
Gold:   107        SH:  0    Dex: 10    Spells: 5/5 levels left

rFire    . . .     SeeInvis .   a - +0 hand axe
rCold    . . .     Gourm    .   (no shield)
rNeg     . . .     Faith    .   b - +0 animal skin
rPois    .         Spirit   .   (helmet restricted)
rElec    .         Reflect  .   (no cloak)
rCorr    .         Harm     .   (no gloves)
MR       .....                  (no boots)
Stlth    +.........             (no amulet)
HPRegen  0.18/turn              (no ring)
MPRegen  0.09/turn              (no ring)

@: no status effects
A: retaliatory headbutt, horns 2
a: Berserk, Trog's Hand, Burn Spellbooks, Renounce Religion


You were on level 2 of the Dungeon.
You worshipped Trog.
Trog was pleased with you.
You were not hungry.

You visited 1 branch of the dungeon, and saw 2 of its levels.

You collected 107 gold pieces.

Inventory:

Hand Weapons
 a - a +0 hand axe (weapon)
 m - a +1 mace of protection
Armour
 b - a +0 animal skin (worn)
 n - a +0 ring mail
Jewellery
 g - an uncursed ring of fire {unknown}
Scrolls
 e - 2 scrolls of immolation {unknown}
 f - a scroll of enchant armour {unknown}
 h - a scroll of remove curse {unknown}
 i - a scroll of random uselessness {unknown}
 j - a scroll of noise {unknown}
 l - a scroll of amnesia {unknown}
Potions
 d - a potion of resistance {unknown}
 o - a potion of berserk rage {unknown}
Comestibles
 c - 4 rations
 k - 5 chunks of flesh


   Skills:
 + Level 4.8 Fighting
 * Level 5.9 Axes
 + Level 4.0 Armour
 + Level 3.6 Dodging


You had 5 spell levels left.
You didn't know any spells.

Dungeon Overview and Level Annotations

Branches:
Dungeon (2/15)

Altars:
Gozag


Innate Abilities, Weirdness & Mutations

You reflexively headbutt those who attack you in melee.
You have a pair of horns on your head.


Message History

You see here a jackal skeleton. x2
You butcher the jackal corpse.
k - 7 chunks of flesh (gained 2)
You open the door.
There is an open door here.
You open the door.
There is an open door here.
You open the door.
There is an open door here.
There is an open door here.
Some of the chunks of flesh in your inventory have rotted away.
Found 14 gold pieces.
Really walk into a travel-excluded area?
Really walk into that cloud of flame?
Okay, then.
You are engulfed in blazing flames.
You are engulfed in blazing flames.
* * * LOW HITPOINT WARNING * * *
You are engulfed in blazing flames.
You die...

### ..# #.# # #.# #§
#.# #§§ #.#
#####...#####.####
##.§§§.$.$.@§§.....#
#...§§..$..§§§.....#
#..§§§..$..§§§.....#
######.#
###...#####....#
.......# #§§§#
#....#### .......#
#§§§# #.......#
######## #§§§#
#.......#
##...#####.......#
#..#.............#


There were no monsters in sight!

Vanquished Creatures
  Sigmund (D:2)
  A howler monkey (D:2)
  Robin (D:2)
  An adder (D:2)
  A worm (D:2)
  2 dart slugs
  A leopard gecko (D:2)
  A giant cockroach (D:2)
  7 hobgoblins
  6 jackals (D:2)
  6 kobolds
  4 bats
  2 frilled lizards
  11 goblins
  4 rats
49 creatures vanquished.

Vanquished Creatures (others)
  A goblin (D:2)
  A frilled lizard (D:2)
2 creatures vanquished.

Grand Total: 51 creatures vanquished

Notes
Turn   | Place    | Note
-------+----------+-------------------------------------------
     0 | D:1      | Megalobster the Minotaur Berserker began the quest for the Orb.
     0 | D:1      | Reached XP level 1. HP: 19/19 MP: 0/0
   210 | D:1      | Reached XP level 2. HP: 23/27 MP: 1/1
   399 | D:1      | Reached skill level 4 in Axes
   549 | D:2      | Noticed Robin
   555 | D:2      | Reached XP level 3. HP: 33/33 MP: 2/2
   630 | D:2      | Killed Robin
   630 | D:2      | Reached ** piety under Trog
   911 | D:2      | Reached XP level 4. HP: 27/40 MP: 3/3
  1176 | D:2      | Reached skill level 5 in Axes
  1288 | D:2      | Noticed Sigmund
  1296 | D:2      | Killed Sigmund
  1296 | D:2      | Reached XP level 5. HP: 47/47 MP: 4/4
  1296 | D:2      | Reached XP level 6. HP: 55/55 MP: 5/5
  1436 | D:2      | Found an opulent altar of Gozag.
  1568 | D:2      | Engulfed by a cloud of flame

Skill      XL: |  1  2  3  4 |
---------------+-------------+-----
Axes           | 4 5 |  5.9
Fighting       | 4 |  4.8
Armour         | 3 4 |  4.0
Dodging        | 3 |  3.6

Action                   |  1- 3 |  4- 6 || total
-------------------------+-------+-------++-------
Melee: Hand axe          |    33 |    37 ||    70
       Headbutt          |     5 |     7 ||    12
Invok: Berserk           |     3 |     1 ||     4
  Eat: Ration            |     1 |       ||     1
       Chunk             |       |     2 ||     2
Armor: Animal skin       |     4 |     3 ||     7
Dodge: Dodged            |    26 |    26 ||    52
